 Dungeon Crawl Stone Soup version 0.28.0-45-g0d030f2227 (webtiles) character file.

Game seed: 7751662228388824723

35718 raph the Severer (level 13, 0/117 HPs)
             Began as a Hill Orc Cinder Acolyte on May 24, 2022.
             Was a Priest of Zin.
             Slain by a fire elemental (5 damage)
             ... created by the fiery vengeance of Ignis
             ... on level 4 of the Lair of Beasts.
             The game lasted 00:33:15 (28970 turns).

raph the Severer (Hill Orc Cinder Acolyte)         Turns: 28970, Time: 00:33:16

Health: 0/117      AC: 22    Str: 18    XL:     13   Next: 85%
Magic:  20/20      EV: 12    Int: 14    God:    Zin [***...]
Gold:   463        SH:  5    Dex: 10    Spells: 13/21 levels left

rFire   . . .      SeeInvis .   a - +2 battleaxe (venom)
rCold   + + .      Faith    .   (shield currently unavailable)
rNeg    + . .      Spirit   .   g - +1 scale mail {rC+}
rPois   +          Reflect  +   y - +2 helmet
rElec   .          Harm     .   u - scarf {rC+ rF+}
rCorr   .          Rampage  .   A - +0 pair of gloves
Will    .....                   s - +2 pair of boots of Mailerol {+Inv rN+}
Stlth   ..........              f - amulet of reflection
HPRegen 0.29/turn               S - +4 ring of protection
MPRegen 0.17/turn               O - ring of poison resistance

@: about to teleport, fire susceptible
A: no striking features
a: Renounce Religion, Evoke Invisibility, Recite, Vitalisation, Imprison, Donate
Gold


You were on level 4 of the Lair of Beasts.
You worshipped Zin.
Zin was most pleased with you.
You visited 3 branches of the dungeon, and saw 18 of its levels.
You also visited: Ice Cave.

You collected 1183 gold pieces.
You spent 252 gold pieces at shops.
You donated 468 gold pieces to Zin.

Inventory:

Hand Weapons
 a - a +2 battleaxe of venom (weapon)
 b - a +0 hand axe of flaming
 o - a +0 hand axe
Missiles
 p - 4 boomerangs (quivered)
 z - 10 javelins
 E - 25 poisoned darts
Armour
 g - a +1 scale mail of cold resistance (worn)
 s - the +2 pair of boots of Mailerol (worn) {+Inv rN+}
   (You found it on level 5 of the Dungeon)

   rN:        It protects you from negative energy.
   +Inv:      It lets you turn invisible.
 u - a scarf of resistance (worn)
 y - a +2 helmet (worn)
 A - a +0 pair of gloves (worn)
Jewellery
 c - a +6 ring of strength
 f - an amulet of reflection (around neck)
 h - an amulet of faith
 m - an amulet of the acrobat
 G - a ring of protection from cold
 L - a ring of protection from cold
 O - a ring of poison resistance (right hand)
 Q - a ring of positive energy
 R - a ring of willpower
 S - a +4 ring of protection (left hand)
Wands
 j - a wand of flame (50)
 w - a wand of digging (5)
 C - a wand of acid (4)
 I - a wand of iceblast (6)
 K - a wand of mindburst (8)
 M - a wand of paralysis (4)
Scrolls
 k - 8 scrolls of teleportation
 l - a scroll of fog
 r - 5 scrolls of fear
 x - 4 scrolls of magic mapping
 B - a scroll of holy word
 D - 2 scrolls of immolation
 J - a scroll of blinking
Potions
 d - 5 potions of ambrosia
 e - 3 potions of curing
 i - 3 potions of resistance
 n - 4 potions of cancellation {unknown}
 q - 2 potions of brilliance
 t - a potion of attraction
 v - 5 potions of haste
 H - a potion of might {unknown}
 N - a potion of flight
 P - 2 potions of invisibility {unknown}


   Skills:
 + Level 11.7 Fighting
 * Level 17.1 Axes
 + Level 4.5 Throwing
 + Level 10.3 Armour
 + Level 7.9 Dodging
 - Level 2.1 Stealth
 - Level 4.7 Spellcasting
 + Level 2.0 Translocations
 - Level 7.5 Fire Magic
 - Level 2.3 Evocations


You had 13 spell levels left.
You knew the following spells:

 Your Spells              Type           Power      Damage    Failure   Level
a - Scorch                Fire           48%        2d7       3%          2
b - Flame Wave            Conj/Fire      13%        2d6       67%         4
c - Blink                 Tloc           16%        N/A       30%         2

Your spell library contained the following spells:

 Spells                   Type           Power      Damage    Failure   Level
 Magic Dart               Conj           12%        1d3       41%         1
 Slow                     Hex            12%        N/A       41%         1
 Corpse Rot               Necr/Air       6%         N/A       56%         2
 Poisonous Vapours        Pois/Air       6%         N/A       56%         2
 Searing Ray              Conj           6%         2d4       56%         2
 Confusing Touch          Hex            3%         N/A       80%         3
 Vampiric Draining        Necr           3%         2d6       80%         3
 Animate Armour           Summ/Erth      6%         N/A       99%         4
 Fulminant Prism          Conj/Hex       1%         3d6       99%         4
 Manifold Assault         Tloc           8%         N/A       99%         5
 Blade Hands              Tmut           1%         N/A       100%        5
 Iron Shot                Conj/Erth      1%         9d1       100%        6
 Summon Cactus Giant      Summ           1%         N/A       100%        6
 Storm Form               Tmut/Air       1%         N/A       100%        7


Dungeon Overview and Level Annotations

Branches:
Dungeon (11/15)            Temple (1/1) D:7            Lair (6/6) D:11
 Shoals (0/4) Lair:4       Spider (0/4) Lair:4        IceCv (visited)
  Slime: Lair:5-6       Orc: D:9-12

Altars:
Ashenzari
Cheibriados
Dithmenos
Elyvilon
Fedhas
Gozag
Hepliaklqana
Kikubaaqudgha
Makhleb
Nemelex Xobeh
Okawaru
Qazlal
Ru
Sif Muna
Trog
Uskayaw
Vehumet
Wu Jian
Xom
Yredelemnul
Zin
The Shining One
Beogh

Shops:
D:3 (   D:10 ?

Annotations:
D:8 3 runed translucent doors, zielscheibe's ghost, novice VSFi
Lair:4 exclusion: 2 oklob plants
Lair:5 exclusion: 2 oklob plants


Message History

* * * LOW HITPOINT WARNING * * *
You hit the yak.
The yak looks as sick as possible!
The yak is lightly wounded.
The yak closely misses you.
You slice the yak!!
The yak is severely wounded.
The yak gores you but does no damage.
You slash the yak!
You kill the yak!
Your Translocations skill increases to level 2!
You start resting.
Ignis calls forth spirits of fire to unmake you! 2 fire elementals come into view.
There are monsters nearby!
Items here: ††††.
The fire elemental hits you. The fire elemental burns you!
You block the fire elemental's attack.
You are too injured to fight recklessly!
You closely miss the fire elemental. The fire elemental hits you.
The fire elemental burns you!
* * * LOW HITPOINT WARNING * * *
You completely miss the fire elemental. You miss the fire elemental.
You block the fire elemental's attack. The fire elemental hits you.
The fire elemental burns you!
* * * LOW HITPOINT WARNING * * *
You block the fire elemental's attack. The fire elemental hits you.
The fire elemental burns you!
* * * LOW HITPOINT WARNING * * *
The fire elemental hits you. The fire elemental burns you!
* * * LOW HITPOINT WARNING * * *
Okay, then.
Okay, then.
As you read the scroll of teleportation, it crumbles to dust.
You feel strangely unstable. The fire elemental hits you.
The fire elemental burns you! Zin protects you from harm!
The fire elemental hits you. The fire elemental burns you!
* * * LOW HITPOINT WARNING * * *
The fire elemental hits you. The fire elemental burns you!
You die...

###.......P...............##.#.#.
# ##...........##.....#.#######..
#...........##......### ##.
##.#........#.......# ##
###...............## ##
##............### ##P
##..........## #.. #...........#
####### ##.
##........@.#####°#.#.###..
#P........EE..##.#.#.#^###. ###
##.........☼☼##○###.###^##.
##P####.......#...°....#.###...≈.
...#...P...........○....#.#..>.≈.
.......................#.#.#...≈.
.................>..#.#######^##.
....................##.#.###^###.
....................###.#^#.#^#..


You could see 2 fire elementals.

Vanquished Creatures
  Gastronok (Lair:2)
  4 hydras
  Erica (D:9)
  3 death yaks
  A two-headed ogre (D:11)
  Sonja (Lair:2)
  A cyclops (D:11)
  2 ugly things
  11 elephants
  4 black mambas
  An ice statue (IceCv)
  6 cane toads
  6 komodo dragons
  Psyche (D:9)
  A rime drake (Lair:4)
  A queen bee (Lair:2)
  2 trolls (D:11)
  3 polar bears
  9 blink frogs
  6 dream sheep (Lair:5)
  A snapping turtle (Lair:4)
  3 culicivoras (Lair:4)
  Eustachio (D:4)
  A dire elephant simulacrum (IceCv)
  5 fire elementals
  3 wyverns
  A basilisk (D:11)
  34 yaks
  A steam dragon (D:9)
  A death yak simulacrum (IceCv)
  5 redbacks (Lair:4)
  2 vampire mosquitoes (D:10)
  8 water moccasins
  2 orc warriors
  2 ice beasts (D:7)
  3 sky beasts
  3 black bears
  4 ogres
  2 necrophages
  5 wolves
  4 centaurs
  Blork the orc (D:4)
  2 kobold brigands
  7 bullfrogs
  A gnoll sergeant (D:6)
  3 scorpions
  2 water moccasin zombies (D:5)
  A cane toad simulacrum (IceCv)
  2 elephant simulacra (IceCv)
  28 killer bees
  6 electric eels
  5 centaur zombies
  2 jellies
  A gnoll shaman (D:5)
  9 hounds
  3 orc priests
  2 bullfrog skeletons (D:6)
  3 iguanas
  Jessica (D:2)
  5 orc wizards
  A killer bee zombie (D:7)
  A wolf simulacrum (IceCv)
  13 gnolls
  A howler monkey skeleton (D:5)
  6 adders
  2 shadow imps (D:6)
  14 white imps
  2 ufetubi
  2 adder skeletons
  A worm (D:2)
  4 dart slugs
  47 orcs
  8 endoplasms
  3 giant cockroaches
  3 goblins
  7 hobgoblins
  3 jackals (D:2)
  2 quokkas
  4 ball pythons
  4 bats
  6 frilled lizards
  14 kobolds
  4 rats
392 creatures vanquished.

Vanquished Creatures (others)
  12 foxfires
  14 fungi
  27 plants
  A withered plant (D:6)
54 creatures vanquished.

Grand Total: 446 creatures vanquished

Notes
Turn   | Place    | Note
-------+----------+-------------------------------------------
     0 | D:1      | raph the Hill Orc Cinder Acolyte began the quest for the
                  | Orb.
     0 | D:1      | Reached XP level 1. HP: 19/19 MP: 2/2
   172 | D:1      | Reached XP level 2. HP: 19/26 MP: 3/3
   428 | D:1      | Reached skill level 5 in Axes
   887 | D:1      | Reached XP level 3. HP: 31/31 MP: 4/4
  1461 | D:2      | Reached skill level 6 in Axes
  1836 | D:2      | Reached XP level 4. HP: 26/39 MP: 5/5
  2037 | D:2      | Noticed Jessica
  2052 | D:2      | Killed Jessica
  2419 | D:3      | Reached skill level 7 in Axes
  2502 | D:3      | Reached XP level 5. HP: 35/45 MP: 6/6
  3239 | D:3      | Found Fuin's Weapon Shoppe.
  3679 | D:4      | Found an opulent altar of Gozag.
  3686 | D:4      | Reached skill level 8 in Axes
  3696 | D:4      | Noticed Blork the orc
  3705 | D:4      | Killed Blork the orc
  3706 | D:4      | Reached XP level 6. HP: 44/51 MP: 7/7
  4044 | D:4      | Reached skill level 9 in Axes
  4259 | D:4      | Noticed Eustachio
  4301 | D:4      | Killed Eustachio
  4416 | D:4      | Found a hazy altar of Hepliaklqana.
  4446 | D:4      | Found a burning altar of Makhleb.
  4583 | D:4      | Found a stormy altar of Qazlal.
  4605 | D:4      | Noticed a black bear
  4607 | D:4      | Found a bloodstained altar of Trog.
  4607 | D:4      | Noticed a black bear
  4622 | D:4      | Killed a black bear
  4623 | D:4      | Reached skill level 10 in Axes
  4623 | D:4      | Reached XP level 7. HP: 20/57 MP: 8/8
  5052 | D:5      | Entered Level 5 of the Dungeon
  5075 | D:4      | Reached skill level 11 in Axes
  5383 | D:5      | Identified the +2 pair of boots of Mailerol {+Inv rN+}
  5734 | D:5      | Reached skill level 12 in Axes
  5734 | D:5      | Reached XP level 8. HP: 55/64 MP: 9/9
  5990 | D:5      | Reached skill level 13 in Axes
  6233 | D:5      | Found a broken altar of Ashenzari.
  6255 | D:5      | Found a glowing golden altar of the Shining One.
  7569 | D:5      | Reached skill level 14 in Axes
  7847 | D:6      | Reached skill level 1 in Armour
  7847 | D:6      | Reached skill level 1 in Evocations
  7893 | D:6      | Reached skill level 1 in Stealth
  7913 | D:6      | Found a blossoming altar of Fedhas.
  7913 | D:6      | Found an ancient bone altar of Kikubaaqudgha.
  7967 | D:6      | Reached skill level 1 in Dodging
  7968 | D:6      | Reached XP level 9. HP: 56/71 MP: 10/10
  8190 | D:6      | Learned a level 2 spell: Scorch
  9427 | D:7      | Reached skill level 5 in Fighting
  9551 | D:7      | Found a glowing silver altar of Zin.
  9988 | D:7      | Found a staircase to the Ecumenical Temple.
 10738 | D:8      | Found a roughly hewn altar of Beogh.
 11172 | D:8      | Reached XP level 10. HP: 61/83 MP: 13/13
 11327 | D:8      | Found a runed translucent gate.
 11327 | D:8      | Noticed zielscheibe's ghost (novice VSFi)
 11328 | D:8      | Found a runed translucent gate.
 11329 | D:8      | Found a runed translucent gate.
 11506 | D:8      | Found a roughly hewn altar of Beogh.
 12101 | D:9      | Noticed Erica
 12112 | D:9      | Killed Erica
 12113 | D:9      | Reached skill level 5 in Fire Magic
 12292 | D:9      | Reached skill level 5 in Armour
 12903 | D:9      | Noticed Psyche
 12912 | D:9      | Killed Psyche
 13012 | D:9      | Found a sparkling altar of Nemelex Xobeh.
 13679 | D:10     | Entered Level 10 of the Dungeon
 13679 | D:10     | Noticed a +0 falchion
 13679 | D:10     | Noticed a +0 dagger
 13680 | D:10     | Noticed a +0 short sword
 13680 | D:10     | Noticed a +0 falchion
 13681 | D:10     | Noticed a +0 dagger
 13681 | D:10     | Noticed a +0 spear
 13682 | D:10     | Noticed a +0 short sword
 13683 | D:10     | Noticed a +0 spear
 13689 | D:10     | Found a hide-covered altar of Uskayaw.
 13866 | D:10     | Found Juoph's Magic Scroll Boutique.
 13874 | D:10     | Bought a scroll of magic mapping for 49 gold pieces
 13874 | D:10     | Bought a scroll of identify for 28 gold pieces
 13874 | D:10     | Bought a scroll of fear for 49 gold pieces
 13874 | D:10     | Bought 3 scrolls of teleportation for 126 gold pieces
 14756 | D:10     | Found a shimmering altar of Xom.
 14760 | D:10     | Found a shimmering altar of Xom.
 14909 | D:11     | Reached XP level 11. HP: 65/93 MP: 16/16
 15034 | D:11     | Noticed a two-headed ogre
 15038 | D:11     | Noticed a cyclops
 15041 | D:11     | Killed a two-headed ogre
 15398 | D:11     | Killed a cyclops
 15810 | D:11     | Found a staircase to the Lair.
 16189 | D:11     | Reached skill level 5 in Dodging
 16918 | D:11     | Noticed a cyan ugly thing
 16931 | D:11     | Killed a cyan ugly thing
 17210 | Lair:1   | Entered Level 1 of the Lair of Beasts
 18916 | Lair:1   | Noticed a seven-headed hydra
 18929 | Lair:1   | Killed a two-headed hydra
 18930 | Lair:1   | Reached XP level 12. HP: 74/105 MP: 15/19
 20055 | Lair:2   | Reached skill level 10 in Fighting
 20152 | Lair:2   | Noticed Gastronok
 20616 | Lair:2   | Killed Gastronok
 20617 | Lair:2   | Reached skill level 1 in Throwing
 20925 | Lair:2   | Noticed a six-headed hydra
 20939 | Lair:2   | Killed a one-headed hydra
 21748 | Lair:2   | Reached skill level 15 in Axes
 21772 | Lair:3   | Found a frozen archway.
 22038 | Lair:3   | Noticed Sonja
 22080 | Lair:2   | Killed Sonja
 22080 | Lair:2   | HP: 5/107 [poisoned by Sonja]
 22448 | IceCv    | Entered an ice cave
 23576 | Temple   | Entered the Ecumenical Temple
 23695 | D:7      | Fell from the grace of Ignis
 23695 | D:7      | Became a worshipper of Zin the Law-Giver
 23695 | D:7      | Reached * piety under Zin
 23695 | D:7      | Reached ** piety under Zin
 24494 | Lair:4   | Noticed a six-headed hydra
 24510 | Lair:3   | Killed a one-headed hydra
 24511 | Lair:3   | Reached XP level 13. HP: 81/115 MP: 20/20
 24845 | Lair:4   | Reached skill level 16 in Axes
 25059 | Lair:4   | Donated 375 gold pieces to Zin
 26056 | Lair:4   | Reached *** piety under Zin
 26139 | Lair:4   | Found a hole to the Spider Nest.
 26233 | Lair:4   | Learned a level 4 spell: Flame Wave
 26276 | Lair:4   | Learned a level 2 spell: Blink
 26372 | Lair:4   | Found a staircase to the Shoals.
 27227 | Lair:5   | You fall into a shaft and drop 1 floor!
 27227 | Lair:6   | Entered Level 6 of the Lair of Beasts
 27257 | Lair:5   | Reached skill level 10 in Armour
 27258 | Lair:5   | Reached skill level 1 in Translocations
 28191 | Lair:5   | Reached skill level 17 in Axes
 28969 | Lair:4   | Zin protects you from harm!
 28969 | Lair:4   | HP: 5/117 [fire elemental[the fiery vengeance of Ignis]
                  | (2)]
 28970 | Lair:4   | Slain by a fire elemental

Illustrated notes

Levels and vault maps discovered:
D:1:      dpeg_arrival_simpleton_b, layout_basic, minmay_misc_feat_hallway
D:2:      layout_basic, uniq_jessica
D:3:      layout_basic, serial_shops, shop
D:4:      layout_basic, lemuel_doored_altar,
          nicolae_gozag_cash_rules_everything_around_me,
          nicolae_qazlal_eye_of_the_storm, trog_ov_bears_minmay,
          mainiacjoe_overflow_tiny_flanked, uniq_blork_the_orc, uniq_eustachio
D:5:      layout_layer_cave, nicolae_overflow_crystal_walls,
          mainiacjoe_overflow_cross_hatched
D:6:      layout_layer_cave, grunt_temple_overflow_growth_and_decay
D:7:      layout_basic, mainiacjoe_overflow_small_starburst,
          minmay_temple_entry_purple_smoke
D:8:      layout_basic, biasface_ghost_orc_armoury, special_room
          [special_room_orc]
D:9:      layout_long_grid, nemelex_spade_bored_becter, uniq_psyche, uniq_erica
D:10:     layout_roguey, nicolae_uskayaw_en_pointe, xom_redecorated,
          serial_shops, nicolae_square_shop
D:11:     layout_gridville, erik_lair_island
Temple:   dpeg_three_leaves_temple
Lair:1:   layout_roguey, gauntlet_entry_generic, grunt_megastairs_2,
          lemuel_fruit_tree
Lair:2:   layout_layer_cave, special_room [special_room_bee], uniq_gastronok
Lair:3:   layout_big_grid, portal_ice_cave_entry_imps, uniq_sonja
Lair:4:   layout_hall_layers, minmay_shoals_entry_hut,
          nicolae_spider_entry_tight_spaces, dpeg_oklob_1
Lair:5:   minmay_lair_oklob_tunnel, layout_gridlike, dpeg_slime_entry_corner,
          nicolae_lair_yak_garden
Lair:6:   due_jungle_book, layout_cave_pods, serial_bayou_shore_b

Skill      XL: |  1  2  3  4  5  6  7  8  9 10 11 12 13 |
---------------+----------------------------------------+-----
Axes           | 5 6 7 8 10 12 14 15 17 | 17.1
Armour         | 1 4 6 8 9 10 | 10.3
Evocations     | 1 2 |  2.3
Fighting       | 4 5 7 9 10 11 | 11.7
Stealth        | 1 2 |  2.1
Dodging        | 1 3 4 6 7 |  7.9
Fire Magic     | 4 6 7 |  7.5
Spellcasting   | 2 3 4 |  4.7
Throwing       | 2 4 |  4.5
Translocations | 2 |  2.0

Action                   |  1- 3 |  4- 6 |  7- 9 | 10-12 | 13-15 || total
-------------------------+-------+-------+-------+-------+-------++-------
Melee: Hand axe          |   114 |   120 |       |    28 |    10 ||   272
       Punch             |     1 |       |       |       |     1 ||     2
       Battleaxe         |       |    44 |   309 |   519 |   255 ||  1127
Throw: Boomerang         |       |       |       |    14 |     6 ||    20
 Cast: Scorch            |       |       |     5 |    17 |       ||    22
Invok: Fiery Armour      |       |     3 |     2 |     4 |       ||     9
       Foxfire Swarm     |       |       |       |     2 |       ||     2
       Donate Gold       |       |       |       |       |     1 ||     1
Evoke: Wand              |       |       |       |     3 |       ||     3
  Use: Scroll            |       |     6 |     6 |    14 |     3 ||    29
       Potion            |       |       |     1 |     3 |       ||     4
Armor: Robe              |     4 |       |       |       |       ||     4
       Scale mail        |    33 |    88 |   130 |   419 |   162 ||   832
       Leather armour    |     1 |       |       |       |       ||     1
       Skin              |       |       |       |     3 |       ||     3
Dodge: Dodged            |    61 |    71 |   136 |   471 |   119 ||   858
Block: Other             |    16 |    51 |    71 |   181 |    55 ||   374
       Reflection        |       |     1 |     3 |     4 |       ||     8
